 Dungeon Crawl Stone Soup version 0.16.2-12-gd0ad4c3 (webtiles) character file.

151 dtsj the Insei (level 5, 0/41 HPs)
             Began as a Demonspawn Monk on Sept 24, 2015.
             Was a Believer of Okawaru.
             Slain by a goliath beetle (13 damage)
             ... on level 3 of the Dungeon.
             The game lasted 00:12:10 (2967 turns).

dtsj the Insei (Demonspawn Monk)                    Turns: 2967, Time: 00:12:10

Health: 0/41       AC: 15    Str: 11    XL:     5   Next: 10%
Magic:  4/6        EV: 14    Int: 12    God:    Okawaru [**....]
Gold:   114        SH:  0    Dex: 15    Spells: 0 memorised, 4 levels left

rFire  . . .     SeeInvis .       - Unarmed
rCold  . . .     Clarity  .     i - +0 ring mail
rNeg   . . .     SustAb   .     (no shield)
rPois  .         Gourm    .     d - +1 helmet
rElec  .         Spirit   .     o - +2 cloak {+Inv}
rCorr  .         Warding  .     (no gloves)
rMut   .         Stasis   .     (no boots)
MR     .....                    (no amulet)
Stlth  +++.......               (no ring)
                                (no ring)

@: heroism, not resistant to hostile enchantments, fairly stealthy
A: rough black scales 1, spiny 1
a: Heroism, Renounce Religion, Evoke Invisibility


You were on level 3 of the Dungeon.
You worshipped Okawaru.
Okawaru was pleased with you.
You were hungry.

You visited 1 branch of the dungeon, and saw 3 of its levels.

You collected 114 gold pieces.

Inventory:

Hand weapons
 j - a +0 hunting sling
Missiles
 w - a tomahawk (quivered)
Armour
 d - a +1 helmet (worn)
 i - a +0 ring mail (worn)
 o - a +2 cloak of invisibility (worn)
Scrolls
 h - 3 scrolls of identify {unknown}
 l - a scroll of random uselessness {unknown}
 m - a scroll of enchant weapon {unknown}
 p - a scroll of remove curse {unknown}
 q - a scroll of enchant armour {unknown}
 t - a scroll of noise {unknown}
 u - a scroll of teleportation {unknown}
 v - a scroll of fog {unknown}
Potions
 a - 2 potions of restore abilities {unknown}
 g - 2 potions of heal wounds {unknown}
 n - a potion of flight {unknown}
 r - a potion of magic {unknown}
 s - a potion of brilliance {unknown}
Comestibles
 b - 4 bread rations
 f - 5 meat rations
 k - a royal jelly


   Skills:
 - Level 3.0(8.0) Fighting
 - Level 2.6(7.6) Dodging
 - Level 1.7(6.7) Stealth
 + Level 5.6(10.6) Unarmed Combat
 + Level 2.0 Invocations


You had 4 spell levels left.
You didn't know any spells.

Dungeon Overview and Level Annotations

Branches:
Dungeon (3/15)

Altars:
Ashenzari
Makhleb
Okawaru


Innate Abilities, Weirdness & Mutations

You are partially covered in rough black scales (AC +4, Dex -1).
You are partially covered in sharp spines.


Message History

Wield which item (- for none, * to show all)? (? for menu, Esc to quit)
You are now empty-handed.
The goliath beetle barely misses you. The quokka barely misses you.
The quokka bites you but does no damage.
You are too injured to fight recklessly!
You are too injured to fight recklessly!
You hit the quokka.
The quokka is severely wounded.
The quokka barely misses you.
You hit the quokka.
You kill the quokka!
Okawaru accepts your kill.
Use which ability? (? or * to list)
You gain the combat prowess of a mighty hero.
You feel slightly more hungry.
You punch the goliath beetle!
The goliath beetle is almost dead.
The goliath beetle bites you!
You die...

############### #.............#
#.............# ###
#.............# ..#
#.............# ..#
#....((....(..# ..#
#...(......(..# ..#
############..(..........## .##
#........B@...#...#<#..#(.. .#
#.............#.#.#....#.## .#
#...........†.#.#.#.#.....# .#
#.............#.#.#.......#
.######...((((((....#.#.#######.#
....................#.#.........#
.##.###.............#.###########
.##.# #.............#.. .##.#
#)...........####


You could see a goliath beetle.

Vanquished Creatures
  Jessica (D:2)
  5 adders
  A giant mite (D:3)
  3 worms
  4 giant geckos
  4 orcs (D:3)
  3 giant cockroaches
  7 hobgoblins
  3 kobolds
  2 quokkas (D:3)
  2 ball pythons (D:3)
  5 bats
  5 giant newts
  9 goblins
  7 rats
61 creatures vanquished.

Notes
Turn   | Place    | Note
--------------------------------------------------------------
     0 | D:1      | dtsj, the Demonspawn Monk, began the quest for the Orb.
     0 | D:1      | Reached XP level 1. HP: 18/18 MP: 1/1
   370 | D:1      | Reached skill level 4 in Unarmed Combat
   416 | D:1      | Gained mutation: You are partially covered in sharp spines. [demonic ancestry]
   416 | D:1      | Reached XP level 2. HP: 24/24 MP: 2/2
  1150 | D:2      | Reached XP level 3. HP: 29/29 MP: 3/3
  1192 | D:2      | Found a shattered altar of Ashenzari.
  1267 | D:2      | Noticed Jessica
  1338 | D:2      | Reached skill level 5 in Unarmed Combat
  1370 | D:2      | Found an iron altar of Okawaru.
  1425 | D:2      | Became a worshipper of Warmaster Okawaru
  1425 | D:2      | Acquired Okawaru's first power
  1452 | D:2      | Killed Jessica
  1452 | D:2      | Reached XP level 4. HP: 30/35 MP: 4/4
  1949 | D:3      | Reached skill level 1 in Invocations
  1957 | D:3      | Found a burning altar of Makhleb.
  2586 | D:3      | Gained mutation: You are partially covered in rough black scales (AC +4, Dex -1). [demonic ancestry]
  2586 | D:3      | Reached XP level 5. HP: 37/41 MP: 6/6
  2967 | D:3      | Slain by a goliath beetle

Action                   |  1- 3 |  4- 6 || total
-------------------------+-------+-------++-------
Melee: Unarmed           |    63 |   138 ||   201
 Fire: Hunting sling     |    44 |    36 ||    80
Throw: Stone             |     9 |     4 ||    13
       Tomahawk          |       |     6 ||     6
Invok: Heroism           |       |     1 ||     1
 Stab: Sleeping          |     1 |       ||     1
  Eat: Chunk             |     2 |     4 ||     6
